 Dungeon Crawl Stone Soup version 0.31.0-12-g77e489cdc1 (webtiles) character file.

Game seed: 12327069646397946750

40 Gadfly the Covered (level 3, -2/30 HPs)
             Began as an Armataur Fighter on Feb 28, 2024.
             Killed from afar by Sigmund (9 damage)
             ... with a magic dart
             ... on level 2 of the Dungeon.
             The game lasted 00:01:43 (977 turns).

Gadfly the Covered (Armataur Fighter)                Turns: 977, Time: 00:01:43

Health: -2/30      AC:  7    Str: 21    XL:     3   Next: 30%
Magic:  0/3        EV: 12    Int:  8    God:
Gold:   64         SH:  4    Dex: 11    Spells: 2/2 levels left

rFire   . . .        a - +0 flail
rCold   . . .        c - +0 buckler
rNeg    . . .        b - +0 scale mail
rPois   .            (no helmet)
rElec   .            (no cloak)
rCorr   .            (no gloves)
SInv    .            (no barding)
Will    .....        i - amulet of guardian spirit Stlth
                     h - +5 ring of evasion
HPRegen 0.25/turn    (no ring)
MPRegen 0.08/turn

%: guardian spirit, roll
@: no status effects
A: large, deformed body, tough skin 3, armoured tail, roll 1
a: no special abilities


You were on level 2 of the Dungeon.
You visited 1 branch of the dungeon, and saw 2 of its levels.

You collected 64 gold pieces.

Inventory:

Hand Weapons
 a - a +0 flail (weapon)
 e - a +2 dagger of draining
Armour
 b - a +0 scale mail (worn)
 c - a +0 buckler (worn)
Jewellery
 h - a +5 ring of evasion (left hand)
 i - an amulet of guardian spirit (around neck)
Scrolls
 g - a scroll of teleportation {unknown}
Potions
 d - a potion of might
 f - a potion of degeneration {unknown}


   Skills:
 + Level 2.8 Fighting
 * Level 2.2 Maces & Flails
 + Level 3.8 Armour
 + Level 3.5 Shields
 * Level 1.2 Invocations
 * Level 1.2 Evocations


You had 2 spell levels left.
You didn't know any spells.
Your spell library was empty.

Dungeon Overview and Level Annotations

Branches:
Dungeon (2/15)

Altars:
Okawaru

Annotations:
D:2 Sigmund


Innate Abilities, Weirdness & Mutations

Armour fits poorly on your strangely shaped body.
You have extremely tough skin. (AC +3)
You have a long armoured tail.
You regenerate magic when rolling toward enemies. (Rampage MPRegen)


Message History

The stream of webbing hits you but does no damage.
You are caught in a web!
The web tears apart.
You hit the ribbon worm. You tail-slap the ribbon worm.
You kill the ribbon worm!
You hit the rat.
You kill the rat!
Something barely misses you. Something hits you.
You writhe in agony.
You closely miss something.
Your tail-slap misses something.
You miss something. Something completely misses you.
You barely miss something. Something hits you.
You barely miss something. Something hits you.
You writhe in agony.
You hit something but do no damage. Something hits you but does no damage.
You thump something! Something hits you.
You miss something.
Your tail-slap misses something.
Something hits you but does no damage.
You miss something.
You hear some strange, mumbled words.
You are confused.
You barely miss something.
Your tail-slap misses something.
Something hits you but does no damage.
You writhe in agony.
You bump into the rock wall.
Something hits you.
You bump into the rock wall.
You bump into the rock wall.
Something hits you.
You writhe in agony.
You bump into the rock wall.
Sigmund appears from thin air!
Reactivating autopickup.
Sigmund gestures wildly while chanting.
Sigmund flickers and vanishes!
Deactivating autopickup; reactivate with Ctrl-A.
You completely miss something. Something hits you.
* * * LOW HITPOINT WARNING * * *
You writhe in agony.
* * * LOW HITPOINT WARNING * * *
You miss something.
You feel less confused.
You hear some strange, mumbled words.
A magic dart appears from out of thin air!
The magic dart hits you!
You die...

#...............
.........#.....
#.............
#.............
#..............
#............
#............
##{#.........
#@#.........
#.#.........
#<#..†......
#...........
#...........
############.........._
#......................
#..........#.#######...
#.........##.# #..


There were no monsters in sight!

Vanquished Creatures
  2 dart slugs (D:1)
  A ribbon worm (D:2)
  5 ball pythons
  2 endoplasms
  A giant cockroach (D:1)
  2 hobgoblins
  3 jackals (D:1)
  6 bats (D:1)
  2 frilled lizards
  6 goblins (D:1)
  A kobold (D:1)
  5 rats
36 creatures vanquished.

Notes
Turn   | Place    | Note
-------+----------+-------------------------------------------
     0 | D:1      | Gadfly the Armataur Fighter began the quest for the Orb.
     0 | D:1      | Reached XP level 1. HP: 18/18 MP: 1/1
   162 | D:1      | Reached XP level 2. HP: 18/25 MP: 2/2
   328 | D:1      | Found a faded altar of an unknown god.
   502 | D:1      | Reached skill level 1 in Invocations
   503 | D:1      | Reached skill level 1 in Evocations
   607 | D:1      | Reached XP level 3. HP: 30/30 MP: 3/3
   938 | D:2      | Found an iron altar of Okawaru.
   949 | D:2      | Noticed Sigmund
   977 | D:2      | Killed from afar by Sigmund

Illustrated notes

Levels and vault maps discovered:
D:1:      lightli_arrival_farm, layout_loops_corners,
          ebering_ecumenical_altar_webs
D:2:      layout_rooms, basic_altar, amcnicky_mini_rare_corridor_liquid,
          uniq_sigmund

Skill      XL: |  1  2 |
---------------+-------+-----
Maces & Flails | 2 |  2.2
Invocations    | 1 |  1.2
Evocations     | 1 |  1.2
Fighting       | |  2.8
Armour         | |  3.8
Shields        | |  3.5

Action                     || total
---------------------------++-------
  Melee: Flail             ||    97
         Tailslap          ||     9
 Armour: Scale mail        ||    92
  Dodge: Dodged            ||    40
  Block: Buckler           ||    13
